Cogmind - Beta 15 @@@ ROGUE MODE // 2025.08.06 @ 13:51:49 Player: Lyla Result: Destroyed by Y-45 Defender with Beam Rifle Performance ------------- Evolutions (1) 500 Regions Visited (3) 600 Robots Destroyed (25) 125 Value Destroyed (619) 619 Prototype IDs (8) 160 Alien Tech Used (0) 0 Bonus (0) 0 TOTAL SCORE: 2004 Bonus ------- None Cogmind --------- Core Integrity 0/400 Matter 290/300 Energy 80/100 System Corruption 0% Temperature Cool (9) Movement Core (200) Ox3 Location -9/Storage Parts ------- > --- POWER (1) -------- (None) > --- PROPULSION (4) --- (None) > --- UTILITY (2) ------ Small Storage Unit Drone Bay (2/2) > --- WEAPON (2) ------- (None) > --- INVENTORY (8) ---- Drone Bay (2/2) Drone Bay (0/2) Drone Bay (0/2) Drone Bay (0/2) Drone Bay (0/2) Datajack Peak State ------------ > --- POWER ------------ Improved Ion Engine > --- PROPULSION ------- Flight Unit Flight Unit Flight Unit > --- UTILITY ---------- Visual Processing Unit Sensor Array > --- WEAPON ----------- Improved EM Shotgun Improved EM Shotgun > --- INVENTORY -------- Ion Engine Small Storage Unit Datajack [Rating: 14] Favorites ----------- Power Ion Engine Engine Ion Engine Propulsion Aluminum Leg Treads Light Treads Leg Aluminum Leg Flight Unit Flight Unit Utility Small Storage Unit Device Sensor Array Storage Small Storage Unit Processor Visual Processing Unit Protection Light Armor Plating Weapon Light Assault Rifle Energy Gun Improved EM Shotgun Ballistic Gun Light Assault Rifle Impact Weapon Hammer Build | -11 -10 -9 -9 ------- Run | Yrd Mat Mat Sto Slots Evolved 2 | . . 2 . Power . | . . . . Propulsion 2 | . . 2 . Utility . | . . . . Weapon . | . . . . Parts Attached 34 | 6 7 13 8 Power 4 | 1 . 2 1 Engine 4 | 1 . 2 1 Core . | . . . . Reactor . | . . . . Propulsion 10 | 2 1 5 2 Treads 2 | . . . 2 Leg 4 | 2 1 1 . Wheel . | . . . . Hover . | . . . . Flight 4 | . . 4 . Utility 9 | 1 2 3 3 Device 4 | . 2 . 2 Storage 3 | 1 . 2 . Processor 1 | . . 1 . Hackware . | . . . . Protection 1 | . . . 1 Artifact . | . . . . Weapon 11 | 2 4 3 2 Energy Gun 6 | . 2 3 1 Energy Cannon . | . . . . Ballistic Gun 4 | 2 2 . . Ballistic Cannon . | . . . . Launcher . | . . . . Special Weapon . | . . . . Impact Weapon 1 | . . . 1 Slashing Weapon . | . . . . Piercing Weapon . | . . . . Special Melee Weapon . | . . . . Unidentified Prototypes 3 | . . 2 1 Parts Lost 18 | . 2 2 14 Power 2 | . . . 2 Propulsion 8 | . 1 2 5 Utility 3 | . . . 3 Weapon 5 | . 1 . 4 Highest Loss Streak 6 | . 2 1 6 To Critical Strikes . | . . . . Average Backups 3 | 2 4 4 2 Power . | . 1 . . Propulsion . | . 1 . . Utility . | . . 1 . Weapon . | 1 1 . . Tool/Special . | . . . . Unused Backups 10 | . 1 3 6 Power 5 | . . . 5 Propulsion . | . . . . Utility 2 | . . 2 . Weapon 1 | . 1 . . Tool/Special 2 | . . 1 1 Average Slot Usage (%) 80 | . 96 89 59 Engine 11 | . 14 11 9 Treads 4 | . . . 11 Leg 12 | . 28 10 . Flight 8 | . . 23 5 Device 8 | . 10 11 4 Storage 9 | . 14 4 7 Processor 3 | . . 6 5 Protection 1 | . . . 4 Energy Gun 8 | . 10 9 5 Ballistic Gun 9 | . 17 12 . Impact Weapon 2 | . . . 6 Peak Build Rating 14 | 6 8 14 13 Average Rating 8 | 3 6 10 7 On Entrance 6 | . 6 7 13 Naked Turns . | . . . . Heaviest Build 28 | 13 16 28 18 Greatest Support 40 | 20 20 30 40 Greatest Overweight (x) 5 | . . 1 5 Average Overweight (x) . | . . . . Largest Inventory Capacity 15 | 8 8 15 8 Average Capacity 7 | 6 8 6 7 Most Carried 9 | 5 8 9 8 Average Carried 3 | 2 4 4 2 Final Capacity 8 | 8 8 5 8 Final Carried 8 | 2 8 3 6 Class Distribution -------------------- 78% | Mutant 21% | Scavenger-Mutant Dominant Class ---------------- Mutant | -10/Materials Mutant | -9/Materials Mutant | -9/Storage Resources | -11 -10 -9 -9 ----------- Run | Yrd Mat Mat Sto Matter Collected 657 | 260 109 220 68 Remotely . | . . . . Salvage Created 890 | . 163 377 350 Parts 45 | . 7 22 16 Haulers Intercepted 4 | . . 2 2 Recyclers Shooed . | . . . . Parts Field Recycled . | . . . . Retrieved Matter . | . . . . Parts Self-Destructed . | . . . . Prevented . | . . . . Kills | -11 -10 -9 -9 ------- Run | Yrd Mat Mat Sto Combat Hostiles Destroyed 19 | . 5 8 6 Melee 5 | . . . 5 Guns 11 | . 5 6 . AOE 2 | . . 2 . Classes Destroyed 5 | . 3 2 . Hauler 4 | . . 2 2 Watcher 2 | . 1 1 . Swarmer 5 | . 2 3 . Grunt 11 | . 3 4 4 Sentry 3 | . . 1 2 Best Kill Streak 6 | . 3 5 6 Combat Bots Only 6 | . 2 4 6 Max Kills in Single Turn 2 | . 1 2 1 Gunslinging . | . . . . Exploded 1 | . . 1 . Melee 1 | . . . 1 Uniques/NPCs Destroyed . | . . . . Combat | -11 -10 -9 -9 -------- Run | Yrd Mat Mat Sto Hostile Shots Fired 221 | . 44 60 117 Missed 66 | . 20 20 26 Hits 155 | . 24 40 91 Projectile 155 | . 24 40 91 AOE 3 | . 3 . . Critical Strikes 1 | . . . 1 Damage Taken 2182 | . 519 424 1239 Core 427 | . 27 49 351 Absorbed by Shields . | . . . . Core Remaining (%) 94 | 100 89 . . Volleys Fired 59 | . 23 30 6 Largest 2 | . 2 2 2 Hottest 90 | . 85 90 90 Shots Fired 114 | . 46 60 8 Gun 114 | . 46 60 8 Cannon . | . . . . Launcher . | . . . . Special . | . . . . Kinetic 68 | . 26 42 . Thermal 20 | . 20 . . Explosive . | . . . . Electromagnetic 26 | . . 18 8 Robot Hit Streak 9 | . 6 9 6 Robot Miss Streak 5 | . 4 5 3 Penetration Max . | . . . . Secondary Targets 3 | . 1 2 . Max Gunslinging Chain 1 | . 1 1 . Shots Hit Robots 90 | . 21 43 26 Core Hits 38 | . 9 19 10 Critical Kills . | . . . . Critical Parts Destroyed 3 | . . . 3 Critical Strikes 3 | . . . 3 Smash 3 | . . . 3 Melee Attacks 23 | . . . 23 Impact 23 | . . . 23 Slashing . | . . . . Piercing . | . . . . Sneak Attacks 1 | . . . 1 Combat Hostiles . | . . . . Follow-up Attacks . | . . . . Damage Inflicted 1423 | . 298 508 617 Guns 822 | . 298 414 110 Cannons . | . . . . Explosions 133 | . . 94 39 Melee 468 | . . . 468 Ramming . | . . . . Kinetic 407 | . 157 250 . Thermal 274 | . 141 94 39 Explosive . | . . . . Electromagnetic 274 | . . 164 110 Impact 468 | . . . 468 Slashing . | . . . . Piercing . | . . . . Highest Corruption . | . . . . Average Corruption . | . . . . Corruption Purged . | . . . . Corruption Blocked . | . . . . Overload Shots . | . . . . Overflow Damage 137 | . . 8 129 Projectiles . | . . . . Explosions 25 | . . 8 17 Melee 112 | . . . 112 Knockbacks 2 | . . . 2 Impact 2 | . . . 2 Kinetic . | . . . . Secondary . | . . . . Self-Inflicted Damage 35 | . . . 35 Shots 1 | . . . 1 Rammed . | . . . . Targets Rammed . | . . . . Kicked . | . . . . Crushed . | . . . . Highest Temperature 130 | . 36 130 50 Average Temperature 28 | . 10 40 30 Received Heat Transfer 786 | . 69 144 573 Siege Activations . | . . . . Martial Activations . | . . . . Shielding Activations . | . . . . Robots Disrupted . | . . . . Combat Hostiles . | . . . . Robots Corrupted 2 | . . . 2 Combat Hostiles 1 | . . . 1 Parts Fried 4 | . . 2 2 Impact Corruptions 6 | . . . 6 Robots Melted . | . . . . Combat Hostiles . | . . . . Parts Melted . | . . . . Heat Transferred 520 | . 370 100 50 Parts Sabotaged . | . . . . Parts Stolen . | . . . . Parts Stripped . | . . . . Power Chain Reactions 3 | . . 2 1 Alert | -11 -10 -9 -9 ------- Run | Yrd Mat Mat Sto Maximum Alert Level . | . . . . Low Security (%) 100 | 100 100 100 100 Level 1 . | . . . . Level 2 . | . . . . Level 3 . | . . . . Level 4 . | . . . . Level 5 . | . . . . High Security . | . . . . Max Security . | . . . . Peak Influence 135 | . 40 119 135 Initial 50 | . . 3 50 Average 34 | . 6 41 60 Influence Increases 560 | . 117 219 224 Destroy 0b10 Robot/C 380 | . 100 160 120 Destroy 0b10 Robot/NC 30 | . 5 15 10 Destroy Leader 72 | . 12 26 34 Successful Hack 15 | . . . 15 Disable Machine 30 | . . . 30 Destroy Structure 3 | . . 3 . Partial Spotted 15 | . . 15 . Lose Combat Pursuer 15 | . . . 15 Influence Decreases 560 | . 107 110 343 Entered New Map 76 | . . 7 69 Time Decay 350 | . 87 93 170 Lost Part 127 | . 20 10 97 Lost Ally 7 | . . . 7 Squads Dispatched 3 | . 2 . 1 Investigation . | . . . . Extermination . | . . . . Reinforcement 3 | . 2 . 1 Assault . | . . . . Garrison . | . . . . Intercept . | . . . . Searches Triggered . | . . . . Construction Impeded . | . . . . Haulers Reinforced . | . . . . Active Scanning Responses . | . . . . Cargo Convoy Interrupts . | . . . . Stealth | -11 -10 -9 -9 --------- Run | Yrd Mat Mat Sto Distress Signals 1 | . . . 1 Communications Jammed . | . . . . Distress Signals . | . . . . Times Spotted 36 | . 13 8 15 Peak Tracking Total 6 | . 4 4 6 Tactical Retreats 1 | . . . 1 Traps | -11 -10 -9 -9 ------- Run | Yrd Mat Mat Sto Traps Triggered . | . . . . Indirectly . | . . . . Trap Hack Attempts . | . . . . Triggered . | . . . . Disarmed . | . . . . Reprogrammed . | . . . . Reused . | . . . . Traps Extracted . | . . . . Installed . | . . . . Triggered . | . . . . Machines | -11 -10 -9 -9 ---------- Run | Yrd Mat Mat Sto Machines Disabled 2 | . . . 2 Max in Single Turn 2 | . . . 2 Machines Repaired . | . . . . Machines Dismantled . | . . . . Machines Sabotaged . | . . . . Overloaded Fab Kills . | . . . . Hacking | -11 -10 -9 -9 --------- Run | Yrd Mat Mat Sto Machines Accessed 8 | . 1 2 5 Terminals 8 | . 1 2 5 Fabricators . | . . . . Repair Stations . | . . . . Recycling Units . | . . . . Scanalyzers . | . . . . Garrison Access . | . . . . Total Hacks 15 | . 1 4 10 Successful 8 | . . 2 6 Failed 7 | . 1 2 4 Catastrophic 2 | . 1 . 1 Database Lockouts . | . . . . Manual . | . . . . Terminals 15 | . 1 4 10 Fabricators . | . . . . Repair Stations . | . . . . Recycling Units . | . . . . Scanalyzers . | . . . . Garrison Access . | . . . . Terminal Hacks 8 | . . 2 6 Record 2 | . . 1 1 Prototype ID Bank 3 | . . 1 2 Open Door 1 | . . . 1 Zone Layout 2 | . . . 2 Fabricator Hacks . | . . . . Repair Station Hacks . | . . . . Recycling Unit Hacks . | . . . . Scanalyzer . | . . . . Garrison Access Hacks . | . . . . Unauthorized Hacks . | . . . . Terminals . | . . . . Fabricators . | . . . . Repair Stations . | . . . . Recycling Units . | . . . . Scanalyzers . | . . . . Garrison Access . | . . . . Data Cores Recovered . | . . . . Used . | . . . . Hacking Detections 7 | . 1 1 5 Full Trace Events 1 | . . . 1 Feedback Events . | . . . . Feedback Blocked . | . . . . Robot Schematics Acquired . | . . . . Robots Built . | . . . . Authchips . | . . . . Time . | . . . . Total Robot Build Rating . | . . . . Part Schematics Acquired . | . . . . Parts Built . | . . . . Authchips . | . . . . Time . | . . . . Total Part Build Rating . | . . . . Parts Repaired . | . . . . Time . | . . . . Parts Recycled . | . . . . Recycled Matter . | . . . . Retrieved Matter . | . . . . Retrieved Components . | . . . . Parts Scanalyzed . | . . . . Part Schematics Acquired . | . . . . Parts Damaged . | . . . . Bothacking | -11 -10 -9 -9 ------------ Run | Yrd Mat Mat Sto Used RIF Installer . | . . . . Robots Hacked . | . . . . Non-combat . | . . . . Combat . | . . . . Robot Hacks Applied . | . . . . Relay Couplers Released . | . . . . Fabnet Peak Effective % . | . . . . Robots Rewired . | . . . . Allies Hacked . | . . . . Hacks Repelled . | . . . . Allies | -11 -10 -9 -9 -------- Run | Yrd Mat Mat Sto Total Allies . | . . . . Largest Group . | . . . . Highest-Rated Group . | . . . . Highest-Rated Ally . | . . . . Total Orders . | . . . . Ally Attacks . | . . . . Total Damage . | . . . . Kills . | . . . . Allies Corrupted . | . . . . Allies Melted . | . . . . Intel | -11 -10 -9 -9 ------- Run | Yrd Mat Mat Sto Active Infowar (turns) 578 | . 133 257 188 Optics 346 | . . 158 188 Sensors 495 | . 133 257 105 Robot Analysis Total . | . . . . Derelict Logs Recovered . | . . . . Drone Launches 12 | . . . 12 Drone Recoveries 2 | . . . 2 Exploration | -11 -10 -9 -9 ------------- Run | Yrd Mat Mat Sto Turns Passed 1076 | 56 358 257 405 Spaces Moved 732 | 47 216 269 200 Core 46 | 19 . . 27 Treads 89 | . . . 89 Legs 285 | 28 216 41 . Wheels . | . . . . Hover . | . . . . Flight 312 | . . 228 84 Fastest Speed 34 | 50 120 34 34 Average Speed 98 | 91 120 52 138 Slowest Speed 300 | 120 120 120 300 Overloaded Moves . | . . . . Propulsion Burnouts . | . . . . Robots Hopped . | . . . . Potential Cave-ins . | . . . . Cave-ins Triggered . | . . . . Exploration Rate (%) 24 | 3 42 19 34 Regions Visited 3 Branch Regions 1 Pre-discovered Areas . | . . . . Known Exits Taken . | . . . . Unknown Exits Taken 3 | 1 1 1 . Scrap Searched . | . . . . Spaces Dug . | . . . . Terrain Destroyed 3 | . . 3 . Melee . | . . . . Projectile . | . . . . AOE 3 | . . 3 . Terrain Rammed . | . . . . Walls Destroyed . | . . . . Machines Disabled . | . . . . Actions | -11 -10 -9 -9 --------- Run | Yrd Mat Mat Sto Total 941 | 58 270 332 281 Wait 25 | . 9 . 16 Move 729 | 46 215 268 200 Hop . | . . . . Pick Up 37 | 5 11 7 14 Fast Attach 13 | 4 3 2 4 Attach 15 | 2 3 5 5 Detach 1 | . . . 1 Swap 11 | . 1 9 1 Drop 23 | 1 5 11 6 Fire 59 | . 23 30 6 Melee 23 | . . . 23 Ram . | . . . . Kick . | . . . . Crush . | . . . . Escape Stasis . | . . . . Rewire . | . . . . Trap . | . . . . Miscellaneous 5 | . . . 5 Route ------- -11/Scrapyard -10/Materials (discovered 2 exits: *Mat x2) -9/Materials -9/Storage History --------- Turn | Location | Event 15 | -11/Scrapyard | Discovered new exit (range 14) 57 | -11/Scrapyard | Entered Materials 221 | -10/Materials | Discovered new exit (range 13) 305 | -10/Materials | Build established: Mutant 378 | -10/Materials | Discovered new exit (range 10) 415 | -10/Materials | Entered another Materials area 415 | -9/Materials | Evolved 2 slots: Propulsion x2 564 | -9/Materials | Discovered new exit (range 18) 672 | -9/Materials | Entered Storage 817 | -9/Storage | Lost 6 parts (1p2n1u2w) 976 | -9/Storage | Core integrity fell below 50% 1023 | -9/Storage | Core integrity fell below 20% 1046 | -9/Storage | Lost 5 parts (1p2n1u1w) 1077 | -9/Storage | Destroyed by Y-45 Defender with Beam Rifle Last Messages --------------- Drone released from Drone Bay. [Achievement: Release The Drones!] Acquired Drone Bay. Drone suffers critical hit (Burn). Drone retrieval failed, bay integrity insufficient for repairs. Acquired Drone Bay. Drone destroyed. Acquired 8 matter. Drone destroyed. U-05 Engineer destroyed. Drone retrieval failed, bay integrity insufficient for repairs. Drone destroyed. Drone retrieval failed, bay integrity insufficient for repairs. Drone destroyed. Acquired Drone Bay. Drone Bay destroyed. Acquired Drone Bay. Map ----- +----------------------------------------------------+ | ??????????????????????????????? | | ??????????????????????????????? | | ??????????????????????????????? | | ??????????????????????????????? | | ??????????????????????????????? | | ??????????????????????????????? | | ??????????????????????????????? | | ??????????????????????????????? | | ??????????????????????????????? | | ??????????????????????????????? | | ??????????????????????????????? | | """#?????????????????????? | | ##????????????????????? | | #????????????????????? | | ##########????????????????????? | | # ############?????????? | | # """" ## #?????????? | | # " " ## ##????????? | | # " " ## ?????????? | | # " " ## #?????????? | | # " " ## "" ** #?????????? | | # """" ## "G ** #?????????? | | # ## "" * ??????????? | | # ## ????????????? | | #####+#########+#+##########??? | | =#%# !@ #??? | | uuggY% % #??? | | g#%# #??? | | ###############+###/#T######??? | | #??????????# ###???????? | | ???????????# #?????????? | | ???????????# #?????????? | | ???????????# !| #?????????? | | ???????????# || #?????????? | | ???????????# #?????????? | | ???????????# !??????????? | | ???????????# ??????????? | | ???????????# #?????????? | | ???????????######## #?????????? | | ???????????????????#??????????? | | | | | | | | | | | | | | | | | | | | | +----------------------------------------------------+ Best States ------------- Heat Dissipation 35 Energy Generation 14 Energy Capacity 280 Matter Stores 300 Matter Capacity 300 Sight Range 18 Robot Scan Range 14 Terrain Scan Density 10 Armor Coverage 150 Evasion (%) 63 Recoil Reduction 2 Item Schematics ----------------- None Robot Schematics ------------------ None Fabricated ------------ Nothing Repaired ---------- Nothing Alien Tech Used ----------------- None Achievements -------------- Release The Drones! Challenges ------------ None Game ------ Seed GlidesysLatentFalx Manual? 0 Play Time 00:23:56 Cumulative 3.6 hours Start 2025.08.06 @ 13:26:02 End 2025.08.06 @ 13:51:49 Sessions 1 Manual Loads 0 Difficulty Rogue Special Mode None Game No. 5 Rogue 5 Adventurer 0 Explorer 0 Win Type - Total 0 Types 0/0/0/0/0/0/0/0/0/0 Lore% 1 Gallery% 6 Achievement% 7 Wizard Run 0 Options --------- Layout 1 ASCII 0 Keyboard 0 Movement Mouse Keybinds 0 Fullscreen 1 Font 24/X11 Map View 50x35 Zoom Use 0% Tactical HUD 0 Map Filters NONE Filters NONE Steam 1 RUN: f5e16347-9f93-4f05-9461-6b5f8209c6a7